 Dungeon Crawl Stone Soup version 0.29.1-13-g9f3cf754e1 (webtiles) character file.

Game seed: 10387196931054528458

800 daiconan the Cleaver (level 7, -2/61 HPs)
             Began as a Minotaur Berserker on Jan 21, 2023.
             Was a Priest of Trog.
             Slain by a two-headed ogre
             ... wielding a +0 giant club
              (9 damage)
             ... on level 5 of the Dungeon.
             The game lasted 00:10:50 (5094 turns).

daiconan the Cleaver (Minotaur Berserker)           Turns: 5094, Time: 00:10:50

Health: -2/61      AC: 15    Str: 24    XL:     7   Next: 59%
Magic:  6/6        EV:  8    Int:  4    God:    Trog [***...]
Gold:   277        SH:  0    Dex:  9    Spells: 6/6 levels left

rFire   . . .      SeeInvis .   a - +0 hand axe
rCold   . . .      Faith    .   (no shield)
rNeg    . . .      Spirit   .   c - +1 plate armour
rPois   .          Reflect  .   (helmet restricted)
rElec   .          Harm     .   o - +0 cloak
rCorr   .          Rampage  .   (no gloves)
Will    .....                   p - +0 pair of boots
Stlth   ..........              e - amulet of the acrobat
HPRegen 0.20/turn               (no ring)
MPRegen 0.10/turn               (no ring)

@: on berserk cooldown, slowed, very slow
A: horns 2, retaliatory headbutt
a: Renounce Religion, Berserk, Trog's Hand


You were on level 5 of the Dungeon.
You worshipped Trog.
Trog was most pleased with you.
You visited 1 branch of the dungeon, and saw 5 of its levels.

You collected 277 gold pieces.

Inventory:

Hand Weapons
 a - a +0 hand axe (weapon)
 t - a +1 hammer of protection
Armour
 b - a +0 animal skin
 c - a +1 plate armour (worn)
 j - a +0 barding
 o - a +0 cloak (worn)
 p - a +0 pair of boots (worn)
Jewellery
 e - an amulet of the acrobat (around neck)
 u - an amulet of regeneration
Scrolls
 g - a scroll of noise
 n - a scroll of poison
 q - 2 scrolls of teleportation
Potions
 d - a potion of brilliance
 h - a potion of attraction
 i - a potion of curing
 k - a potion of resistance
 l - a potion of heal wounds
 r - a potion of mutation
 s - a potion of haste
 v - a potion of degeneration {unknown}


   Skills:
 + Level 5.2 Fighting
 + Level 8.0 Axes
 + Level 5.0 Armour
 + Level 4.3 Dodging
 + Level 0.7 Stealth


You had 6 spell levels left.
You didn't know any spells.
Your spell library contained the following spells:

 Spells                   Type           Power      Damage    Failure   Level
 Sting                    Tmut/Pois      0%         1d3       100%        1
 Ensorcelled Hibernation  Hex/Ice        0%         N/A       100%        2
 Poisonous Vapours        Pois/Air       0%         N/A       100%        2
 Gell's Gravitas          Tloc           0%         N/A       100%        3
 Spider Form              Tmut/Pois      0%         N/A       100%        3
 Teleport Other           Tloc           0%         N/A       100%        3
 Anguish                  Hex/Necr       0%         N/A       100%        4
 Olgreb's Toxic Radiance  Pois           0%         N/A       100%        4
 Dispersal                Tloc           0%         N/A       100%        6


Dungeon Overview and Level Annotations

Branches:
Dungeon (5/15)
 Temple: D:4-7

Altars:
Kikubaaqudgha

Shops:
D:4 (


Innate Abilities, Weirdness & Mutations

You have a pair of horns on your head.
You reflexively headbutt those who attack you in melee.


Message History

You hit the howler monkey. You headbutt the howler monkey.
You kill the howler monkey!
Trog accepts your kill.
You slash the ice beast!
The ice beast is heavily wounded.
A gnoll bouda comes into view. It is wielding a +0 club.
The ice beast closely misses you.
A two-headed ogre comes into view.
It is wielding a +0 giant club and a +0 giant spiked club.
You slash the ice beast! You headbutt the ice beast.
You kill the ice beast!
Trog accepts your kill.
Your Axes skill increases to level 8!
Your Armour skill increases to level 5!
An orc wizard, a hornet and a jelly come into view.
An orc comes into view. It is wielding a +0 dagger.
The two-headed ogre barely misses you.
The two-headed ogre hits you with a +0 giant spiked club!
The orc wizard moves out of view.
You see here a hound corpse.
You feel a strong urge to attack something.
Things that are here:
a +0 whip; a gnoll corpse; an iguana corpse A gnoll comes into view.
It is wielding a +0 club.
You are no longer berserk.
You are exhausted.
You feel yourself slow down.
You hit the two-headed ogre but do no damage.
The two-headed ogre hits you with a +0 giant club!
The two-headed ogre hits you with a +0 giant spiked club!
* * * LOW HITPOINT WARNING * * *
You closely miss the two-headed ogre.
You headbutt the two-headed ogre, but do no damage.
The sentinel's mark upon you fades away.
An orc comes into view. It is wielding a +0 flail.
The orc wizard grunts repeatedly.
A gnoll comes into view. It is wielding a +0 whip.
An orc comes into view. It is wielding a +0 hand axe.
The two-headed ogre hits you with a +0 giant club.
* * * LOW HITPOINT WARNING * * *
The two-headed ogre hits you with a +0 giant spiked club!
You die...

... ..o ##+# #g. ##...##
#o# ##.....## #o####
##.......###.##.##
#.........##y#.).#######
+.........'JO†.†...g....
#.........##@).†g..o####
#.......######.##.##
##.....## ### .# ##...##
# ##'## #.# #### #.#
....#####.## #........##


You could see a two-headed ogre, a hornet, a gnoll bouda, a jelly, an orc
wizard, 2 gnolls and 3 orcs.

Vanquished Creatures
  A sky beast (D:4)
  An ice beast (D:5)
  A scorpion (D:4)
  2 howler monkeys (D:5)
  3 hounds
  Crazy Yiuf (D:4)
  Natasha (thrice) (D:3)
  4 iguanas
  6 adders
  A gnoll (D:5)
  3 ufetubi
  4 worms
  2 dart slugs
  7 orcs
  7 bats
  8 endoplasms
  A giant cockroach (D:2)
  7 goblins
  5 hobgoblins
  5 jackals
  9 kobolds
  6 quokkas
  7 ball pythons
  3 frilled lizards
  4 rats
101 creatures vanquished.

Notes
Turn   | Place    | Note
-------+----------+-------------------------------------------
     0 | D:1      | daiconan the Minotaur Berserker began the quest for the
                  | Orb.
     0 | D:1      | Reached XP level 1. HP: 19/19 MP: 0/0
    96 | D:1      | Reached skill level 4 in Axes
    96 | D:1      | Reached XP level 2. HP: 21/27 MP: 1/1
  1233 | D:1      | Found a faded altar of an unknown god.
  1580 | D:2      | Reached XP level 3. HP: 33/33 MP: 2/2
  1660 | D:2      | Reached ** piety under Trog
  2393 | D:2      | Found an ancient bone altar of Kikubaaqudgha.
  2738 | D:3      | Noticed Natasha
  2748 | D:3      | Killed Natasha
  2749 | D:3      | Reached XP level 4. HP: 15/41 MP: 3/3
  3445 | D:3      | Noticed Natasha
  3452 | D:3      | Killed Natasha
  3453 | D:3      | Reached skill level 5 in Axes
  3453 | D:3      | Reached XP level 5. HP: 37/47 MP: 4/4
  3535 | D:3      | Noticed Natasha
  3540 | D:3      | Killed Natasha
  3919 | D:4      | Reached *** piety under Trog
  4097 | D:4      | Found a runed translucent door.
  4098 | D:4      | Noticed Crazy Yiuf
  4110 | D:4      | Killed Crazy Yiuf
  4111 | D:4      | Reached XP level 6. HP: 54/55 MP: 5/5
  4380 | D:4      | Reached skill level 6 in Axes
  4505 | D:4      | Noticed a sky beast
  4537 | D:4      | Killed a sky beast
  4538 | D:4      | Reached skill level 5 in Fighting
  4908 | D:4      | Found Pypn's Antique Weapon Shoppe.
  4970 | D:4      | Reached XP level 7. HP: 61/61 MP: 6/6
  5038 | D:5      | Entered Level 5 of the Dungeon
  5077 | D:5      | Reached skill level 7 in Axes
  5088 | D:5      | Noticed a two-headed ogre
  5090 | D:5      | Reached skill level 8 in Axes
  5090 | D:5      | Reached skill level 5 in Armour
  5090 | D:5      | Noticed a hornet
  5094 | D:5      | Slain by a two-headed ogre

Illustrated notes

Levels and vault maps discovered:
D:1:      dpeg_arrival_signposts, layout_basic, nicolae_ecumenical_lake_church
D:2:      layout_loops_corners, basic_altar
D:3:      layout_loops_ring, gup_sewer_entry_bowl, uniq_natasha
D:4:      layout_rooms, serial_shops, shop, nicolae_figureground_pulse,
          uniq_crazy_yiuf_cottage
D:5:      cheibrodos_fzero, layout_loops_corners

Skill      XL: |  1  2  3  4  5  6  7 |
---------------+----------------------+-----
Axes           | 4 5 6 8 |  8.0
Fighting       | 4 5 |  5.2
Dodging        | 3 4 |  4.3
Armour         | 3 4 5 |  5.0
Stealth        | |  0.7

Action                   |  1- 3 |  4- 6 |  7- 9 || total
-------------------------+-------+-------+-------++-------
Melee: Hand axe          |    84 |   131 |    28 ||   243
       Headbutt          |     9 |    20 |     5 ||    34
       Punch             |     2 |     1 |       ||     3
Invok: Berserk           |       |     1 |     1 ||     2
  Use: Scroll            |     5 |    10 |       ||    15
       Potion            |       |     2 |       ||     2
Armor: Animal skin       |    15 |     2 |       ||    17
       Plate armour      |       |    69 |    21 ||    90
Dodge: Dodged            |    97 |    64 |    16 ||   177
